 Dungeon Crawl Stone Soup version 0.32-a0-576-g706899e69d (webtiles) character file.

Game seed: 7533702186794860807

167 dialectric the Cudgeller (level 5, -2/53 HPs)
             Began as a Troll Fighter on Mar 2, 2024.
             Slain by an ogre
             ... wielding a +0 giant club
              (24 damage)
             ... on level 3 of the Dungeon.
             The game lasted 00:02:09 (1606 turns).

dialectric the Cudgeller (Troll Fighter)            Turns: 1606, Time: 00:02:10

Health: -2/53      AC:  4    Str: 26    XL:     5   Next: 23%
Magic:  4/4        EV: 10    Int:  4    God:
Gold:   123        SH:  0    Dex:  9    Spells: 4/4 levels left

rFire   . . .        a - +0 flail
rCold   . . .        (no shield)
rNeg    . . .        b - +0 robe
rPois   .            (helmet restricted)
rElec   .            (no cloak)
rCorr   .            (gloves unavailable)
SInv    .            (boots unavailable)
Will    .....        (no amulet)
Stlth   +            (no ring)
HPRegen 1.08/turn    (no ring)
MPRegen 0.09/turn

%: no passive effects
@: mighty
A: large, unfitting armour, claws 3, regeneration 1, shaggy fur 1, tough skin 1
a: no special abilities


You were on level 3 of the Dungeon.
You visited 1 branch of the dungeon, and saw 3 of its levels.

You collected 123 gold pieces.

Inventory:

Hand Weapons
 a - a +0 flail (weapon)
 l - a +2 dagger of electrocution
Armour
 b - a +0 robe (worn)
 c - a +0 kite shield
Jewellery
 k - a +5 ring of evasion
Scrolls
 h - a scroll of torment {unknown}
 i - a scroll of identify {unknown}
Potions
 e - a potion of magic {unknown}
 f - a potion of attraction {unknown}
 g - a potion of heal wounds {unknown}
 m - a potion of curing {unknown}


   Skills:
 - Level 3.0 Fighting
 * Level 3.8 Maces & Flails
 + Level 3.3 Dodging
 - Level 2.7 Shields


You had 4 spell levels left.
You didn't know any spells.
Your spell library contained the following spells:

 Spells                   Type           Power      Damage    Failure   Level
 Ensorcelled Hibernation  Hex/Ice        0%         N/A       65%         2
 Fugue of the Fallen      Necr           0%         N/A       86%         3
 Anguish                  Hex/Necr       0%         N/A       99%         4


Dungeon Overview and Level Annotations

Branches:
Dungeon (3/15)

Altars:
Dithmenos


Innate Abilities, Weirdness & Mutations

You are too large for most types of armour.
You have claws for hands.
Your natural rate of healing is unusually fast.
You are covered in fur. (AC +1)
You have tough skin. (AC +1)


Message History

The puff of flame hits you. The orc barely misses you.
You barely miss something. Something hits you.
The orc hits you with a +0 short sword. Something hits you.
The orc closely misses you.
You barely miss something. Something hits you but does no damage.
The orc closely misses you.
You barely miss something. Something hits you. The orc completely misses you.
You barely miss something. Something hits you. The orc barely misses you.
Unknown command.
You closely miss something. Something hits you. The orc closely misses you.
The orc barely misses you. Something hits you but does no damage.
You closely miss something.
You hear some strange, mumbled words.
A puff of flame appears from out of thin air!
The puff of flame hits you. The orc closely misses you.
You miss something. Something hits you but does no damage.
The orc completely misses you.
You closely miss something. Something hits you.
You miss something. Something hits you but does no damage.
The ogre closely misses you.
Throw: throwing net
Press: ? - help, Q - select action Shift-Dir - straight line, f - ogre
Aim: an ogre, wielding a +0 giant club (69% to hit)
You throw a throwing net.
The throwing net barely misses the ogre.
Something hits you.
Unknown command.
You bludgeon the ogre!!
The ogre is severely wounded.
Something completely misses you.
The ogre hits you with a +0 giant club!!
Something hits you but does no damage.
You sock the ogre!
The ogre is almost dead.
The ogre closely misses you. Something hits you.
You barely miss the ogre.
The ogre is almost dead.
Something hits you.
The ogre hits you with a +0 giant club!!
You die...

# ......... .### ........# #....
.#.#....# ###.$. ## #......#
######### #...###..# #......#
........#######.................#
........#........##.............#
........#..†##.#{Ooo.............
........#..##...@##..o .........
...........##..### o ....##..#
........##.....# .#
........##...... .#
................. .#
........##..####. .#
#....<.....## .# #.....#....###
.# ...............# ..


You could see an ogre and 2 orcs.

Vanquished Creatures
  A hound (D:3)
  Natasha (thrice) (D:3)
  An adder (D:2)
  A dart slug (D:3)
  2 orcs (D:3)
  7 ball pythons
  3 endoplasms
  2 giant cockroaches (D:3)
  6 hobgoblins
  3 jackals (D:1)
  2 quokkas
  7 bats
  3 frilled lizards
  2 goblins
  3 kobolds
  4 rats
50 creatures vanquished.

Notes
Turn   | Place    | Note
-------+----------+-------------------------------------------
     0 | D:1      | dialectric the Troll Fighter began the quest for the Orb.
     0 | D:1      | Reached XP level 1. HP: 22/22 MP: 0/0
    66 | D:1      | Reached XP level 2. HP: 26/29 MP: 1/1
   636 | D:2      | Reached XP level 3. HP: 34/36 MP: 2/2
   725 | D:2      | Found a faded altar of an unknown god.
  1245 | D:3      | Noticed Natasha
  1250 | D:3      | Killed Natasha
  1251 | D:3      | Reached XP level 4. HP: 41/44 MP: 3/3
  1290 | D:3      | Noticed Natasha
  1296 | D:3      | Killed Natasha
  1313 | D:3      | Found a shadowy altar of Dithmenos.
  1324 | D:3      | Noticed an ogre
  1489 | D:3      | Noticed Natasha
  1497 | D:3      | Killed Natasha
  1521 | D:3      | Reached XP level 5. HP: 31/53 MP: 4/4
  1606 | D:3      | Slain by an ogre

Illustrated notes

Levels and vault maps discovered:
D:1:      zaba_arrival_water, layout_rooms
D:2:      kennysheep_big_flooded_room, layout_loops_corners,
          dreamdust_ecumenical_altar_sealed_demon, serial_bayou_pond_b,
          kennysheep_generic_room_11
D:3:      layout_rooms, mainiacjoe_overflow_chevrons,
          cheibrodos_sewer_entry_bend, amcnicky_mini_rare_corridor_liquid,
          small_statue_intersection, grunt_ministairs_6,
          kennysheep_generic_room_14, uniq_natasha

Skill      XL: |  1  2  3  4 |
---------------+-------------+-----
Maces & Flails | 2 3 |  3.8
Fighting       | 3 |  3.0
Dodging        | 3 |  3.3
Shields        | |  2.7

Action                     |  1- 3 |  4- 6 || total
---------------------------+-------+-------++-------
  Melee: Flail             |    93 |    77 ||   170
  Throw: Throwing net      |       |     1 ||     1
    Use: Potion            |       |     1 ||     1
 Armour: Robe              |    98 |    98 ||   196
  Dodge: Dodged            |    54 |    86 ||   140
  Block: Kite shield       |     1 |       ||     1

Table legend: (Time is in decaauts)
 A = Elapsed time spent in this place.
 B = Non-inter-level travel time spent in this place.
 C = Inter-level travel time spent in this place.
 D = Time resting spent in this place.
 E = Time spent auto-exploring this place.
 F = Levels seen in this place.
 G = Mean time per level.
                   A        B        C        D        E       F      G
               +--------+--------+--------+--------+--------+-----+--------+
         Total |   1666 |   1532 |    134 |      0 |   1084 |   3 |  555.3 |
       Dungeon |   1666 |   1532 |    134 |      0 |   1084 |   3 |  555.3 |
               +--------+--------+--------+--------+--------+-----+--------+

Top non-repeatable levels by time:
     D:2: 975 daAuts
     D:1: 394 daAuts
     D:3: 296 daAuts
